 Dungeon Crawl Stone Soup version 0.32-a0-630-g46d191b0ed (webtiles) character file.

Game seed: 16086423243656792348

207 porpoise the Shooter (level 5, 0/35 (41) HPs)
             Began as a Human Hunter on Mar 7, 2024.
             Slain by a scorpion (2 damage)
             ... on level 4 of the Dungeon.
             The game lasted 00:06:11 (3231 turns).

porpoise the Shooter (Human Hunter)                 Turns: 3231, Time: 00:06:11

HP:   0/35 (41)     AC:  3    Str: 11    XL:     5   Next: 85%
MP:   5/5           EV: 12    Int: 10    God:
Gold: 176           SH:  0    Dex: 18    Spells: 4/4 levels left

rFire   + . .        a - +0 shortbow
rCold   . . .        (shield currently unavailable)
rNeg    . . .        c - +0 leather armour
rPois   .            (no helmet)
rElec   .            (no cloak)
rCorr   .            (no gloves)
SInv    .            (no boots)
Will    .....        (no amulet)
Stlth   ++           k - ring of protection from fire
HPRegen 0.25/turn    (no ring)
MPRegen 0.09/turn

%: no passive effects
@: lethally poisoned (0 -> -5), studying Stealth, heavily drained
A: explore regen
a: no special abilities


You were on level 4 of the Dungeon.
You visited 1 branch of the dungeon, and saw 4 of its levels.

You collected 176 gold pieces.

Inventory:

Hand Weapons
 a - a +0 shortbow (weapon)
Missiles
 m - 6 atropa-tipped darts
 s - 5 javelins
 x - 2 boomerangs
Armour
 c - a +0 leather armour (worn)
Magical Staves
 e - a staff of fire
 f - a staff of conjuration
Jewellery
 k - a ring of protection from fire (left hand)
Scrolls
 b - a scroll of butterflies
 d - a scroll of fog {unknown}
 l - a scroll of vulnerability {unknown}
 p - a scroll of identify {unknown}
 r - 2 scrolls of teleportation
 t - a scroll of enchant weapon {unknown}
 v - a scroll of immolation {unknown}
 w - a scroll of fear {unknown}
Potions
 g - a potion of curing {unknown}
 h - a potion of might {unknown}
 i - a potion of lignification {unknown}
 j - a potion of ambrosia {unknown}
 n - 4 potions of heal wounds {unknown}
 o - a potion of degeneration {unknown}
 q - 2 potions of brilliance {unknown}
 u - a potion of mutation {unknown}


   Skills:
 + Level 3.3 Fighting
 * Level 5.6 Ranged Weapons
 - Level 2.0 Dodging
 + Level 3.6 Stealth


You had 4 spell levels left.
You didn't know any spells.
Your spell library was empty.

Dungeon Overview and Level Annotations

Branches:
Dungeon (4/15)
 Temple: D:4-7

Altars:

Annotations:
D:3 3 runed translucent doors, ytrimaz's ghost, amateur CoGl


Innate Abilities, Weirdness & Mutations

You regain HP and MP as you explore.


Message History

A scorpion comes into view.
You shoot an arrow. The arrow hits the orc.
The orc is moderately wounded.
The orc hits you but does no damage.
You feel drained.
You shoot an arrow. The arrow barely misses the orc.
The arrow hits the hobgoblin.
The hobgoblin is heavily wounded.
The orc closely misses you. The orc hits you with a +0 mace.
You shoot an arrow. The arrow barely misses the orc.
The arrow barely misses the hobgoblin.
The orc barely misses you.
The orc hits you with a +4 war axe of draining!
You feel drained.
An adder comes into view.
The orc barely misses you. The orc closely misses you.
You shoot an arrow. The adder hisses angrily.
The arrow hits the orc.
The orc is heavily wounded.
The orc barely misses you. The orc hits you but does no damage.
You shoot an arrow. The arrow hits the orc.
The orc is almost dead.
The orc hits you with a +4 war axe of draining!
* * * LOW HITPOINT WARNING * * *
You feel drained.
* * * LOW HITPOINT WARNING * * *
You are too injured to fight recklessly!
You are too injured to fight recklessly!
You shoot an arrow. The arrow hits the orc.
You kill the orc!
The scorpion stings you.
* * * LOW HITPOINT WARNING * * *
You are lethally poisoned!
The scorpion poisons you!
Unknown command.
You shoot an arrow.
The arrow completely misses the scorpion.
* * * LOW HITPOINT WARNING * * *
You feel very sick. The scorpion stings you.
You die...

)............#..##...#
.)...........#...###...#
...............#####...#
..............#........#
#............†<.....###
...........<.†........#
...#.......(<.........#
.....os...............#
......g@.^............#
....#.#S..............#
. .. #...............#
..# ..#............>##
.. ...##.....#.....## .
##.. ..!.####.###
######... .# ...#


You could see a scorpion, an adder, an orc and a hobgoblin.

Vanquished Creatures
  A bombardier beetle (D:2)
  9 adders
  A ribbon worm (D:3)
  A dart slug (D:3)
  7 orcs
  7 ball pythons
  4 bats
  9 endoplasms
  6 giant cockroaches
  3 goblins
  7 hobgoblins
  6 jackals (D:1)
  A quokka (D:1)
  2 frilled lizards
  6 kobolds
  6 rats
76 creatures vanquished.

Notes
Turn   | Place    | Note
-------+----------+-------------------------------------------
     0 | D:1      | porpoise the Human Hunter began the quest for the Orb.
     0 | D:1      | Reached XP level 1. HP: 16/16 MP: 1/1
   117 | D:1      | Found a faded altar of an unknown god.
   292 | D:1      | Reached XP level 2. HP: 22/22 MP: 2/2
   634 | D:1      | Reached XP level 3. HP: 19/28 MP: 3/3
  1406 | D:2      | Reached XP level 4. HP: 19/34 MP: 4/4
  1805 | D:2      | Reached skill level 5 in Ranged Weapons
  1907 | D:2      | Reached XP level 5. HP: 40/41 MP: 5/5
  2226 | D:3      | Found a runed translucent gate.
  2226 | D:3      | Found a runed translucent gate.
  2551 | D:3      | Noticed a water moccasin
  2607 | D:3      | Found a runed translucent gate.
  2608 | D:3      | Noticed ytrimaz's ghost (amateur CoGl)
  3231 | D:4      | Slain by a scorpion

Illustrated notes

Levels and vault maps discovered:
D:1:      minmay_arrival_plants_in_alcoves, layout_basic,
          shapermc_ecumenical_altar_ellora
D:2:      layout_loops_ring, minmay_misc_feat_ornament
D:3:      layout_loops_ring, gammafunk_ghost_split, serial_glass,
          glass_columns_b, glass_columns_a
D:4:      layout_rooms

Skill      XL: |  1  2  3  4  5 |
---------------+----------------+-----
Stealth        | 2 3 |  3.6
Ranged Weapons | 5 |  5.6
Fighting       | 3 |  3.3
Dodging        | |  2.0

Action                     |  1- 3 |  4- 6 || total
---------------------------+-------+-------++-------
   Fire: Shortbow          |    87 |   166 ||   253
    Use: Scroll            |       |     1 ||     1
 Armour: Leather armour    |    23 |    56 ||    79
  Dodge: Dodged            |    27 |    48 ||    75

Table legend: (Time is in decaauts)
 A = Elapsed time spent in this place.
 B = Non-inter-level travel time spent in this place.
 C = Inter-level travel time spent in this place.
 D = Time resting spent in this place.
 E = Time spent auto-exploring this place.
 F = Levels seen in this place.
 G = Mean time per level.
                   A        B        C        D        E       F      G
               +--------+--------+--------+--------+--------+-----+--------+
         Total |   3279 |   3229 |     50 |    617 |   2159 |   4 |  819.8 |
       Dungeon |   3279 |   3229 |     50 |    617 |   2159 |   4 |  819.8 |
               +--------+--------+--------+--------+--------+-----+--------+

Top non-repeatable levels by time:
     D:2: 1126 daAuts
     D:1: 1085 daAuts
     D:3: 1006 daAuts
     D:4: 61 daAuts
